 Dungeon Crawl Stone Soup version 0.30-a0-830-gfe289a77b0 (webtiles) character file.

Game seed: 7185080037613964912

7851 crusatyr the Grappler (level 11, -3/84 HPs)
             Began as a Troll Monk on Feb 28, 2023.
             Was an Elder of Hepliaklqana.
             Engulfed by a steam dragon's steam (12 damage)
             ... on level 10 of the Dungeon.
             The game lasted 00:17:08 (7697 turns).

crusatyr the Grappler (Troll Monk)                  Turns: 7697, Time: 00:17:09

Health: -3/84      AC:  9    Str: 27    XL:     11   Next: 2%
Magic:  10/10      EV: 10    Int:  6    God:    Hepliaklqana [****..]
Gold:   302        SH: 15    Dex: 16    Spells: 10/10 levels left

rFire   . . .      SeeInvis .      - Unarmed
rCold   . . .      Faith    .    G - +0 tower shield
rNeg    . . .      Spirit   .    a - +1 robe
rPois   .          Reflect  .    (helmet restricted)
rElec   .          Harm     .    (no cloak)
rCorr   .          Rampage  .    (gloves unavailable)
Will    .....                    (boots unavailable)
Stlth   ++                       c - amulet of the acrobat
HPRegen 1.14/turn                F - +6 ring of strength
MPRegen 0.12/turn                t - +4 ring of protection

@: no status effects
A: reduced essence, large, unfitting armour, claws 3, regeneration 1, shaggy fur
1, tough skin 1
a: Renounce Religion, Recall Ancestor, Ancestor Identity, Transference, Idealise


You were on level 10 of the Dungeon.
You worshipped Hepliaklqana.
Hepliaklqana was greatly pleased with you.
You visited 2 branches of the dungeon, and saw 11 of its levels.

You collected 623 gold pieces.
You spent 321 gold pieces at shops.

Inventory:

Hand Weapons
 A - a +2 flail of venom
Missiles
 y - 6 javelins (quivered)
Armour
 a - a +1 robe (worn)
 G - a +0 tower shield (worn)
 L - a +2 robe of the Archmagi
Jewellery
 c - an amulet of the acrobat (around neck)
 g - a ring of magical power
 k - a ring of flight
 l - a ring of resist corrosion
 t - a +4 ring of protection (right claw)
 B - a ring of protection from fire
 E - a ring of magical power
 F - a +6 ring of strength (left claw)
Wands
 e - a wand of digging (11)
 C - a wand of polymorph (7)
 I - a wand of flame (11)
 M - a wand of light (7)
Scrolls
 f - 2 scrolls of noise
 i - a scroll of enchant armour
 n - 3 scrolls of immolation {unknown}
 o - 3 scrolls of fear
 u - 2 scrolls of butterflies {unknown}
 v - 2 scrolls of amnesia {unknown}
 D - 3 scrolls of teleportation
 J - a scroll of blinking
 N - 2 scrolls of identify
Potions
 b - 3 potions of ambrosia
 d - 2 potions of mutation
 h - 2 potions of cancellation
 j - 4 potions of flight {unknown}
 m - 3 potions of attraction
 p - 4 potions of heal wounds
 q - 4 potions of berserk rage
 r - 5 potions of curing {unknown}
 s - a potion of haste {unknown}
 w - 3 potions of lignification {unknown}
 x - 2 potions of brilliance {unknown}
 z - 3 potions of degeneration {unknown}
 H - a potion of might {unknown}
 K - a potion of magic {unknown}
Miscellaneous
 O - a phial of floods


   Skills:
 - Level 2.4 Fighting
 - Level 6.9 Dodging
 - Level 1.0 Stealth
 * Level 7.9 Shields
 + Level 12.8 Unarmed Combat


You had 10 spell levels left.
You didn't know any spells.
Your spell library contained the following spells:

 Spells                   Type           Power      Damage    Failure   Level
 Shock                    Conj/Air       0%         1d3       94%         1
 Blink                    Tloc           0%         N/A       98%         2
 Lesser Beckoning         Tloc           0%         N/A       98%         2
 Momentum Strike          Conj/Tloc      0%         3d8       98%         2
 Call Canine Familiar     Summ           0%         N/A       100%        3
 Hailstorm                Conj/Ice       0%         3d3       100%        3
 Portal Projectile        Hex/Tloc       0%         N/A       100%        3
 Swiftness                Air            0%         N/A       100%        3
 Airstrike                Air            0%         2d(0-16)  100%        4
 Ice Form                 Ice/Tmut       0%         N/A       100%        4
 Leda's Liquefaction      Hex/Erth       0%         N/A       100%        4
 Simulacrum               Ice/Necr       0%         N/A       100%        6


Dungeon Overview and Level Annotations

Branches:
Dungeon (10/15)            Temple (1/1) D:5
   Lair: D:8-11         Orc: D:9-12

Altars:
Ashenzari
Cheibriados
Dithmenos
Elyvilon
Fedhas
Gozag
Hepliaklqana
Kikubaaqudgha
Makhleb
Nemelex Xobeh
Okawaru
Qazlal
Ru
Sif Muna
Trog
Uskayaw
Vehumet
Wu Jian
Xom
Yredelemnul
Zin
The Shining One

Shops:
D:3 :   D:7 *   D:8 *   D:9 [   D:10 *


Innate Abilities, Weirdness & Mutations

Your life essence is reduced to manifest your ancestor. (-10% HP)
You are too large for most types of armour.
You have claws for hands.
Your natural rate of healing is unusually fast.
You are covered in fur. (AC +1)
You have tough skin. (AC +1)


Message History

The troll bites you! The troll claws you. You block the troll's attack.
You are too injured to fight recklessly!
You are too injured to fight recklessly!
You are too injured to fight recklessly!
You are too injured to fight recklessly!
You are too injured to fight recklessly!
You are too injured to fight recklessly!
You are too injured to fight recklessly!
You are too injured to fight recklessly!
You are too injured to fight recklessly!
You are too injured to fight recklessly!
You are too injured to fight recklessly!
You are too injured to fight recklessly!
You are too injured to fight recklessly!
You are too injured to fight recklessly!
You are too injured to fight recklessly!
You are too injured to fight recklessly!
You are too injured to fight recklessly!
You are too injured to fight recklessly!
You are too injured to fight recklessly!
You claw the troll!
The troll is moderately wounded.
The steam dragon breathes steam at you. The ball of steam hits you!
The ball of steam misses Kateb.
You block the orc warrior's attack. You block the troll's attack.
The troll barely misses you. The troll claws you.
* * * LOW HITPOINT WARNING * * *
You claw the troll!
The troll is severely wounded.
You are engulfed in a cloud of scalding steam.
* * * LOW HITPOINT WARNING * * *
You block the steam dragon's attack. The steam dragon closely misses you.
The orc warrior closely misses you. The troll bites you!
* * * LOW HITPOINT WARNING * * *
The troll closely misses you. The troll claws you but does no damage.
You claw the troll!
You kill the troll!
The troll leather armour is intact enough to wear.
You are engulfed in a cloud of scalding steam.
You die...

#.####.# #.####.....####...##.))
.......# #.# ##...##..#...####.
.#####.## #.# ##.##...#....# ##
.# ##.###.## #.#)..##....#### ##
#..#...## +#.#).##......##. #
###.......###...###..........
#####.............8..............
.#......##....###R..###...##...##
....#..####..##.@#.#'†##..#.....#
.#....## #.##oD[#.#.).##..####..
###...# #.#...##.##...#.####...
##..#####.#!.##...##..#.# #..PP
#......#.####.....####.###PP..
#.####..................##P.P.P
###.# ####.#......#####...#.P.PP
.#..## #(......# #........P
.....## ##......## #.....P..P


You could see the friendly Kateb the hexer, a steam dragon (catching breath,
ally target) and an orc warrior.

Vanquished Creatures
  A two-headed ogre (D:10)
  Joseph (D:9)
  A komodo dragon (D:10)
  A troll (D:10)
  A shadow (D:10)
  A vampire (D:8)
  Sigmund (D:2)
  7 yaks
  3 wyverns (D:9)
  2 wraiths (D:10)
  Edmund (D:5)
  A water moccasin (D:7)
  Duvessa (D:5)
  A sky beast (D:7)
  3 black bears
  2 centaurs
  The ghost of Bediveer the Conjurer, an amateur DrCj (D:3)
  A kobold brigand (D:10)
  A wyvern zombie (D:3)
  5 bullfrogs
  2 necrophages (D:7)
  2 scorpions
  17 wights
  Dowan (D:5)
  4 killer bees (D:9)
  4 howler monkeys (D:8)
  A jelly (D:5)
  4 hounds
  A bullfrog skeleton (D:3)
  A centaur skeleton (D:3)
  2 orc priests
  3 iguanas
  4 orc wizards
  Robin (D:2)
  2 gnolls (D:5)
  6 adders
  3 worms
  4 dart slugs
  14 orcs
  5 bats
  5 endoplasms
  A giant cockroach (D:3)
  12 goblins
  10 hobgoblins
  4 jackals (D:1)
  6 kobolds
  2 quokkas
  5 ball pythons
  4 frilled lizards
  2 rats (D:1)
  2 bushes (D:2)
170 creatures vanquished.

Vanquished Creatures (collateral kills)
  A wyvern (D:6)
  2 yaks (D:9)
  3 sky beasts
  A scorpion (D:5)
  2 wights (D:7)
  3 killer bees (D:9)
  A gnoll (D:5)
  5 orcs
18 creatures vanquished.

Vanquished Creatures (others)
  An orc wizard (D:10)
  A hexer (D:5)
  6 fungi (D:10)
  9 plants
17 creatures vanquished.

Grand Total: 205 creatures vanquished

Notes
Turn   | Place    | Note
-------+----------+-------------------------------------------
     0 | D:1      | crusatyr the Troll Monk began the quest for the Orb.
     0 | D:1      | Reached XP level 1. HP: 22/22 MP: 0/0
   113 | D:1      | Reached XP level 2. HP: 29/29 MP: 1/1
   354 | D:1      | Reached XP level 3. HP: 36/36 MP: 2/2
   506 | D:1      | Reached skill level 4 in Unarmed Combat
   798 | D:2      | Noticed Robin
  1383 | D:2      | Reached XP level 4. HP: 42/44 MP: 3/3
  1408 | D:2      | Killed Robin
  1425 | D:2      | Noticed Sigmund
  1436 | D:2      | Killed Sigmund
  1437 | D:2      | Reached skill level 5 in Unarmed Combat
  1437 | D:2      | Reached XP level 5. HP: 42/50 MP: 4/4
  1976 | D:3      | Reached XP level 6. HP: 59/59 MP: 5/5
  2031 | D:3      | Found a runed translucent gate.
  2031 | D:3      | Found a runed translucent gate.
  2031 | D:3      | Found a runed translucent gate.
  2124 | D:3      | Found Caf Qium's Book Emporium.
  2612 | D:3      | Noticed Bediveer's ghost (amateur DrCj)
  2671 | D:3      | Killed Bediveer's ghost
  2672 | D:3      | Reached skill level 6 in Unarmed Combat
  2947 | D:4      | Reached XP level 7. HP: 47/66 MP: 6/6
  3153 | D:4      | Identified the +3 hand axe "Mupou" {drain, rF+ Dex-5 SInv}
  3171 | D:4      | Reached skill level 7 in Unarmed Combat
  3339 | D:5      | Entered Level 5 of the Dungeon
  3357 | D:5      | Found a staircase to the Ecumenical Temple.
  3367 | Temple   | Entered the Ecumenical Temple
  3540 | Temple   | Became a worshipper of Hepliaklqana the Forgotten
  3540 | Temple   | Reached * piety under Hepliaklqana
  3540 | Temple   | Reached ** piety under Hepliaklqana
  3541 | Temple   | Remembered your ancestor Kateb as a hexer
  3914 | D:5      | Noticed Edmund
  3921 | D:5      | Killed Edmund
  3922 | D:5      | Reached skill level 5 in Dodging
  3922 | D:5      | Reached skill level 8 in Unarmed Combat
  4020 | D:5      | Reached XP level 8. HP: 66/66 MP: 7/7
  4060 | D:5      | Noticed Duvessa
  4060 | D:5      | Noticed Dowan
  4064 | D:5      | Killed Duvessa
  4080 | D:5      | Reached skill level 9 in Unarmed Combat
  4084 | D:5      | Killed Dowan
  4090 | D:5      | HP: 1/62 [wight/+4 falchion (3)]
  4719 | D:6      | Reached skill level 10 in Unarmed Combat
  4719 | D:6      | Reached XP level 9. HP: 63/72 MP: 8/8
  5121 | D:7      | Found a blossoming altar of Fedhas.
  5160 | D:7      | Reached skill level 11 in Unarmed Combat
  5179 | D:7      | Found Guntuzui's Assorted Antiques.
  5185 | D:7      | Bought 2 cyan potions for 34 gold pieces
  5185 | D:7      | Bought a gluggy blue potion for 17 gold pieces
  5185 | D:7      | Bought a scroll labelled MELLEA WEOD for 19 gold pieces
  5185 | D:7      | Bought a tubular ruby ring for 95 gold pieces
  5185 | D:7      | Bought a wooden wand for 76 gold pieces
  5185 | D:7      | Bought a gluggy blue potion for 17 gold pieces
  5394 | D:8      | Reached *** piety under Hepliaklqana
  5415 | D:8      | Found Jidomene's Mass Market.
  5441 | D:8      | Bought a +0 tower shield for 63 gold pieces
  5506 | D:8      | Reached skill level 1 in Shields
  5713 | D:8      | Found a bloodstained altar of Trog.
  5716 | D:8      | Found a broken altar of Ashenzari.
  5719 | D:8      | Found a sacrificial altar of Ru.
  5722 | D:8      | Found an ornate altar of the Wu Jian Council.
  6122 | D:9      | Found Dunnosal's Armour Boutique.
  6265 | D:9      | Reached XP level 10. HP: 61/79 MP: 9/9
  6279 | D:9      | Reached skill level 12 in Unarmed Combat
  6320 | D:9      | Identified the +2 robe of Fortification {Rampage rCorr
                  | Int-4}
  6440 | D:9      | Reached skill level 5 in Shields
  6472 | D:9      | Noticed Joseph
  6487 | D:9      | Killed Joseph
  6809 | D:10     | Entered Level 10 of the Dungeon
  6898 | D:10     | Noticed a two-headed ogre
  6910 | D:10     | Killed a two-headed ogre
  7164 | D:10     | Found Jishangu's Neck Hole.
  7170 | D:10     | Reached **** piety under Hepliaklqana
  7672 | D:10     | Reached XP level 11. HP: 80/84 MP: 10/10
  7697 | D:10     | Engulfed by a steam dragon's steam

Illustrated notes

Levels and vault maps discovered:
D:1:      shiori_arrival_maze, layout_basic
D:2:      layout_loops_cross, serial_forest, infiniplex_forest_clump_small,
          infiniplex_forest_diagonal, infiniplex_forest_side_room,
          infiniplex_forest_lined_3, infiniplex_forest_straight_1,
          infiniplex_forest_corner_2, infiniplex_forest_end_2, uniq_robin,
          uniq_sigmund
D:3:      layout_basic, serial_shops, shop_fountains, gammafunk_ghost_necromancy
D:4:      layout_basic
D:5:      layout_basic, minmay_temple_entry_glass, uniq_edmund, uniq_duvessa
D:6:      layout_basic
D:7:      layout_rooms, fedhas_ov_isle_minmay, serial_shops, shop
D:8:      layout_cave_pools, grunt_temple_overflow_cloverleaf, minmay_shop_mass
D:9:      layout_roguey, serial_shops, nicolae_shop_stone, uniq_joseph
D:10:     cheibrodos_barr_body, layout_layer_cave,
          grunt_lair_entry_orc_guard_hut, nicolae_shop_sticking_my_neck_out
Temple:   minmay_crystal_spiral_temple

Skill      XL: |  1  2  3  4  5  6  7  8  9 10 |
---------------+-------------------------------+-----
Unarmed Combat | 4 5 6 8 10 11 12 | 12.8
Dodging        | 3 4 5 6 |  6.9
Shields        | 3 7 |  7.9
Fighting       | |  2.4
Stealth        | |  1.0

Action                     |  1- 3 |  4- 6 |  7- 9 | 10-12 || total
---------------------------+-------+-------+-------+-------++-------
  Melee: Unarmed           |    99 |   148 |   206 |   125 ||   578
         Punch             |     1 |     9 |    11 |       ||    21
 Invoke: Ancestor Life: He |       |       |     1 |       ||     1
    Use: Scroll            |       |       |    13 |       ||    13
   Stab: Sleeping          |     4 |     1 |     1 |       ||     6
         Confused          |       |       |     2 |     1 ||     3
         Distracted        |       |       |     1 |     4 ||     5
 Armour: Robe              |    33 |    18 |    43 |    18 ||   112
  Dodge: Dodged            |    48 |    38 |    76 |    30 ||   192
  Block: Tower shield      |       |       |    17 |    81 ||    98

Table legend: (Time is in decaauts)
 A = Elapsed time spent in this place.
 B = Non-inter-level travel time spent in this place.
 C = Inter-level travel time spent in this place.
 D = Time resting spent in this place.
 E = Time spent auto-exploring this place.
 F = Levels seen in this place.
 G = Mean time per level.
                   A        B        C        D        E       F      G
               +--------+--------+--------+--------+--------+-----+--------+
         Total |   7655 |   7032 |    623 |    273 |   5439 |  11 |  695.9 |
       Dungeon |   7467 |   6930 |    537 |    273 |   5432 |  10 |  746.7 |
        Temple |    188 |    102 |     86 |      0 |      7 |   1 |  188.0 |
               +--------+--------+--------+--------+--------+-----+--------+

Top non-repeatable levels by time:
     D:5: 1097 daAuts
     D:2: 943 daAuts
     D:1: 925 daAuts
    D:10: 890 daAuts
     D:3: 855 daAuts
     D:9: 690 daAuts
     D:4: 648 daAuts
     D:8: 527 daAuts
     D:6: 463 daAuts
     D:7: 426 daAuts
  Temple: 188 daAuts
